 Dungeon Crawl Stone Soup version 0.26-a0-712-ga5a9c9c9d0 (webtiles) character file.

Game seed: 12398345900117910732

112 Arthanis the Skirmisher (level 4, -1/29 HPs)
             Began as a Gargoyle Berserker on Nov 8, 2020.
             Was a Believer of Trog.
             Slain by Sigmund
             ... wielding a +0 scythe
              (8 damage)
             ... on level 3 of the Dungeon.
             The game lasted 00:01:54 (2370 turns).

Arthanis the Skirmisher (Gargoyle Berserker)        Turns: 2370, Time: 00:01:54

Health: -1/29      AC: 11    Str: 21    XL:     4   Next: 93%
Magic:  4/4        EV: 10    Int:  8    God:    Trog [**....]
Gold:   105        SH:  3    Dex:  9    Spells: 3/3 levels left

rFire    . . .     SeeInvis .   a - +0 hand axe
rCold    . . .     Faith    .   i - +0 buckler
rNeg     + . .     Spirit   .   h - +0 scale mail
rPois    ∞         Reflect  .   (no helmet)
rElec    +         Harm     .   j - +0 cloak
rCorr    .         Rampage  .   (no gloves)
MR       .....                  (no boots)
Stlth    ..........             (no amulet)
HPRegen  0.09/turn              (no ring)
MPRegen  0.09/turn              (no ring)

@: berserk cooldown, slowed, very slow
A: negative energy resistance 1, electricity resistance, unbreathing,
petrification resistance, rot immunity, AC +3
a: Berserk, Trog's Hand, Renounce Religion


You were on level 3 of the Dungeon.
You worshipped Trog.
Trog was pleased with you.
You visited 1 branch of the dungeon, and saw 3 of its levels.

You collected 105 gold pieces.

Inventory:

Hand Weapons
 a - a +0 hand axe (weapon)
Armour
 b - a +0 animal skin
 h - a +0 scale mail (worn)
 i - a +0 buckler (worn)
 j - a +0 cloak (worn)
Jewellery
 k - an uncursed ring of protection from magic
Scrolls
 c - 2 scrolls of enchant armour {unknown}
 d - 2 scrolls of identify {unknown}
 e - a scroll of amnesia {unknown}
 g - a scroll of teleportation {unknown}
 l - a scroll of magic mapping {unknown}
Potions
 f - a potion of curing {unknown}


   Skills:
 + Level 4.0 Fighting
 * Level 3.7 Axes
 + Level 3.1 Armour
 - Level 2.0 Dodging
 + Level 1.0 Shields


You had 3 spell levels left.
You didn't know any spells.
Your spell library was empty.

Dungeon Overview and Level Annotations

Branches:
Dungeon (3/15)

Altars:
Dithmenos

Annotations:
D:3 Sigmund


Innate Abilities, Weirdness & Mutations

You are resistant to torment.
Your stone body is resilient. (AC +3)
You are immune to poison.
You resist negative energy. (rN+)
You are resistant to electric shocks. (rElec)
You can survive without breathing.
You are immune to petrification.
You are immune to rotting.


Message History

You are confused.
You completely miss something. Something hits you but does no damage.
You completely miss something. You miss something. Something hits you.
You barely miss something.
You're too confused to move!
Something hits you!
You feel a strong urge to attack something.
You see here a bat corpse.
You are no longer berserk.
You are exhausted.
You feel yourself slow down.
A puff of flame appears from out of thin air!
The puff of flame hits you.
* * * LOW HITPOINT WARNING * * *
You feel less confused.
You hear some strange, mumbled words.
A puff of flame appears from out of thin air!
The puff of flame hits you but does no damage.
Something hits you!
You die...

#.#.# .#
#.#.###.####
#..........#
#.........
#........
#...#.#.#
#.....#.###
#..{......#
#..(#@#.#.#
#....^....#
#..##..#.....
#..###.#...##
#............
#.=<.....#.##
#....#.###
##...#.#
##..#


There were no monsters in sight!

Vanquished Creatures
  A worker ant (D:2)
  3 adders (D:2)
  2 oozes
  2 worms
  A dart slug (D:2)
  A ball python (D:1)
  11 bats
  3 giant cockroaches
  3 goblins
  5 hobgoblins
  A quokka (D:2)
  8 kobolds
  2 rats
43 creatures vanquished.

Notes
Turn   | Place    | Note
-------+----------+-------------------------------------------
     0 | D:1      | Arthanis the Gargoyle Berserker began the quest for the
                  | Orb.
     0 | D:1      | Reached XP level 1. HP: 14/14 MP: 1/1
   298 | D:1      | Reached XP level 2. HP: 13/19 MP: 2/2
   857 | D:1      | Reached XP level 3. HP: 22/23 MP: 3/3
  1579 | D:2      | Reached XP level 4. HP: 24/29 MP: 4/4
  1966 | D:2      | Reached ** piety under Trog
  1966 | D:2      | Reached skill level 1 in Shields
  2161 | D:2      | Found a faded altar of an unknown god.
  2240 | D:2      | Found a shadowy altar of Dithmenos.
  2341 | D:3      | Noticed Sigmund
  2350 | D:3      | Reached skill level 4 in Fighting
  2370 | D:3      | Slain by Sigmund

Illustrated notes

Levels and vault maps discovered:
D:1:      mrwooster_arrival_statue_3, layout_loops_corners
D:2:      layout_loops_ring, nicolae_dithmenos_through_a_glass_darkly,
          chequers_ecumenical_altar_simple_redux
D:3:      layout_basic, nemelex_altar_shiori, st_stairs_6, feat_on_display,
          uniq_sigmund

Skill      XL: |  1  2  3  4 |
---------------+-------------+-----
Axes           | 3 |  3.7
Dodging        | 2 |  2.0
Armour         | 3 |  3.1
Shields        | 1 |  1.0
Fighting       | 4 |  4.0

Action                   |  1- 3 |  4- 6 || total
-------------------------+-------+-------++-------
Melee: Hand axe          |   126 |    68 ||   194
Invok: Berserk           |       |     2 ||     2
Armor: Animal skin       |    50 |       ||    50
       Scale mail        |    21 |    41 ||    62
Dodge: Dodged            |    90 |    40 ||   130
Block: Buckler           |     2 |     3 ||     5

Table legend: (Time is in decaauts)
 A = Elapsed time spent in this place.
 B = Non-inter-level travel time spent in this place.
 C = Inter-level travel time spent in this place.
 D = Time resting spent in this place.
 E = Time spent auto-exploring this place.
 F = Levels seen in this place.
 G = Mean time per level.
                   A        B        C        D        E       F      G
               +--------+--------+--------+--------+--------+-----+--------+
         Total |   2407 |   2339 |     68 |      0 |   1940 |   3 |  802.3 |
       Dungeon |   2407 |   2339 |     68 |      0 |   1940 |   3 |  802.3 |
               +--------+--------+--------+--------+--------+-----+--------+

Top non-repeatable levels by time:
     D:1: 1311 daAuts
     D:2: 1064 daAuts
     D:3: 31 daAuts
